 Dungeon Crawl Stone Soup version 0.22-a0-392-g5dc3fd9 (webtiles) character file.

6 Dobeq the Stinger (level 1, -6/10 HPs)
             Began as a Tengu Venom Mage on May 1, 2018.
             Mangled by a hobgoblin
             ... wielding a +0 club
              (8 damage)
             ... on level 1 of the Dungeon.
             The game lasted 00:01:21 (175 turns).

Dobeq the Stinger (Tengu Venom Mage)                 Turns: 175, Time: 00:01:21

Health: -6/10      AC:  2    Str:  8    XL:     1   Next: 90%
Magic:  3/4        EV: 12    Int: 15    God:
Gold:   16         SH:  0    Dex: 14    Spells: 3/4 levels left

rFire    . . .     SeeInvis .   (no weapon)
rCold    . . .     Gourm    .   (no shield)
rNeg     . . .     Faith    .   a - +0 robe
rPois    .         Spirit   .   (helmet restricted)
rElec    .         Reflect  .   (no cloak)
rCorr    .         Harm     .   (no gloves)
MR       .....                  (boots unavailable)
Stlth    ++........             (no amulet)
HPRegen  0.03/turn              (no ring)
MPRegen  0.09/turn              (no ring)

@: no status effects
A: beak, talons 3
a: no special abilities


You were on level 1 of the Dungeon.
You were not hungry.

You visited 1 branch of the dungeon, and saw 1 of its levels.

You collected 16 gold pieces.

Inventory:

Armour
 a - a +0 robe (worn)
 f - a +2 scale mail of poison resistance
Scrolls
 d - 3 scrolls of identify {unknown}
 e - 2 scrolls of remove curse {unknown}
 g - a scroll of magic mapping {unknown}
Potions
 b - a potion of lignification {unknown}
Comestibles
 c - 2 rations


   Skills:
 + Level 2.1 Dodging
 + Level 2.1 Stealth
 + Level 2.0 Spellcasting
 + Level 1.3 Conjurations
 + Level 3.3 Poison Magic


You had 3 spell levels left.
You knew the following spells:

 Your Spells              Type           Power        Failure   Level  Hunger
a - Sting                 Conj/Pois      #...         9%          1    #......


Dungeon Overview and Level Annotations

Branches:
Dungeon (1/15)

Altars:


Innate Abilities, Weirdness & Mutations

You have a beak for a mouth.
You have claws for feet.


Message History

You are too injured to fight recklessly!
You are too injured to fight recklessly!
You are too injured to fight recklessly!
You are too injured to fight recklessly!
You are too injured to fight recklessly!
You are too injured to fight recklessly!
You are too injured to fight recklessly!
You are too injured to fight recklessly!
You are too injured to fight recklessly!
You are too injured to fight recklessly!
You are too injured to fight recklessly!
You are too injured to fight recklessly!
Casting: Sting (safe; 9% risk of failure)
Confirm with . or Enter, or press ? or * to list all spells.
Aiming: Sting (safe; 9% risk of failure)
Press: ? - help, Shift-Dir - straight line, f - hobgoblin
Aim: a hobgoblin, wielding a club The sting misses the hobgoblin.
The hobgoblin hits you with a club!
Ouch! That really hurt!
You die...

#.# #........#
########.#######........##
..........................
#....##................##
.#....##................#
........................##
.#..................(.....
#..........#.............
#.......@.[##............
#)...##.g..####..........
...#........# #..........
............# ##......#..
............# ...........
......#..... ............
.....#..................
........................
.......#..


You could see a hobgoblin.

Vanquished Creatures
  A bat (D:1)
  2 goblins (D:1)
  A hobgoblin (D:1)
  A frilled lizard (D:1)
5 creatures vanquished.

Notes
Turn   | Place    | Note
-------+----------+-------------------------------------------
     0 | D:1      | Dobeq the Tengu Venom Mage began the quest for the Orb.
     0 | D:1      | Reached XP level 1. HP: 10/10 MP: 4/4
   175 | D:1      | Mangled by a hobgoblin

Vault maps used:
D:1:      ncdulo_wetmaze, serial_glass, glass_columns_b, glass_columns_a,
          item_on_display_a, due_unseen_surprise, item_on_display_b,
          corner_web_ring, serial_bayou_lake_a

Action                   || total
-------------------------++-------
Melee: Unarmed           ||     5
       Kick              ||     1
 Cast: Sting             ||     7
Armor: Robe              ||     2
Dodge: Dodged            ||     3

Table legend:
 A = Spawn XP
 B = Non-spawn XP
 C = Spawn XP percentage of total XP
 D = Spawn monster count
 E = Non-spawn monster count
 F = Spawn count percentage of total count
 G = Total turns spent on level
                    A         B        C        D         E        F      G
               +---------+---------+-------+---------+---------+-------+---------
         Total |       0 |       9 |   0.0 |       0 |       5 |   0.0 |   175
               +---------+---------+-------+---------+---------+-------+---------
           D:1 |       0 |       9 |   0.0 |       0 |       5 |   0.0 |   175
               +---------+---------+-------+---------+---------+-------+---------
